 Dungeon Crawl Stone Soup version 0.26-a0-50-gc4d14cd (webtiles) character file.

Game seed: 2807912544626343653

194 Balder the Cudgeler (level 5, 0/53 HPs)
             Began as a Troll Fighter on June 5, 2020.
             Slain by an orc
             ... wielding a +0 falchion
              (5 damage)
             ... on level 4 of the Dungeon.
             The game lasted 00:15:13 (2612 turns).

Balder the Cudgeler (Troll Fighter)                 Turns: 2612, Time: 00:15:14

Health: 0/53       AC:  6    Str: 30    XL:     5   Next: 44%
Magic:  4/4        EV:  8    Int:  4    God:
Gold:   193        SH:  9    Dex: 10    Spells: 4/4 levels left

rFire    . . .     SeeInvis .   a - +0 flail
rCold    . . .     Gourm    +   c - +0 kite shield
rNeg     . . .     Faith    .   b - +0 robe
rPois    .         Spirit   .   (helmet restricted)
rElec    .         Reflect  .   (no cloak)
rCorr    +         Harm     .   (gloves unavailable)
MR       .....                  (boots unavailable)
Stlth    +.........             (no amulet)
HPRegen  0.57/turn              q - ring of resist corrosion
MPRegen  0.09/turn              o - +6 ring of strength

@: no status effects
A: large, unfitting armour, claws 3, fast metabolism 3, gourmand, regeneration
1, shaggy fur 1, tough skin 3
a: no special abilities


You were on level 4 of the Dungeon.
You were completely stuffed.

You visited 1 branch of the dungeon, and saw 4 of its levels.

You collected 193 gold pieces.

Inventory:

Hand Weapons
 a - a +0 flail (weapon)
Missiles
 l - 11 poisoned darts (quivered)
 t - 4 atropa-tipped darts
Armour
 b - a +0 robe (worn)
 c - a +0 kite shield (worn)
Jewellery
 o - a +6 ring of strength (right claw)
 q - a ring of resist corrosion (left claw)
Scrolls
 e - 2 scrolls of teleportation
 g - a scroll of fog
 j - 4 scrolls of identify
 k - 2 scrolls of enchant armour {unknown}
 m - 2 scrolls of remove curse {unknown}
 n - 2 scrolls of magic mapping {unknown}
 p - 3 scrolls of amnesia {unknown}
 r - a scroll of noise {unknown}
Potions
 d - 2 potions of curing {unknown}
 h - a potion of haste {unknown}
 i - a potion of heal wounds {unknown}
 s - 2 potions of lignification {unknown}
 u - a potion of magic {unknown}
Comestibles
 f - 10 rations
 v - 2 chunks of flesh


   Skills:
 * Level 3.1 Fighting
 * Level 3.3 Maces & Flails
 * Level 1.1 Throwing
 + Level 2.7 Dodging
 + Level 0.1 Stealth
 + Level 2.9 Shields
 * Level 1.4 Unarmed Combat


You had 4 spell levels left.
You didn't know any spells.
Your spell library was empty.

Dungeon Overview and Level Annotations

Branches:
Dungeon (4/15)
 Temple: D:4-7

Altars:
Cheibriados
Dithmenos
Gozag
Uskayaw
Wu Jian


Innate Abilities, Weirdness & Mutations

You are too large for most types of armour.
You have claws for hands.
Your metabolism is lightning-fast.
You like to eat raw meat.
Your natural rate of healing is unusually fast.
You are covered in fur. (AC +1)
You have extremely tough skin. (AC +3)


Message History

You hit the orc priest but do no damage.
The orc priest is heavily wounded.
An orc comes into view. It is wielding a +2 vorpal falchion.
The orc hits you with a +0 falchion.
* * * LOW HITPOINT WARNING * * *
You block the orc priest's attack.
You hit the orc priest but do no damage.
The orc priest is heavily wounded.
An orc comes into view. It is wielding a +0 hand axe.
The orc barely misses you. You block the orc priest's attack.
You hit the orc priest.
You kill the orc priest!
The orc barely misses you.
Throwing (i - inventory. (/) - cycle)
l - 12 poisoned darts (quivered)
Press: ? - help, Shift-Dir - straight line, f - orc
Aim: an orc, wielding a +0 falchion and wearing a +0 leather armour You throw a poisoned dart.
The poisoned dart hits the orc.
The orc is poisoned.
The orc priest calls upon Beogh to heal the orc.
The orc's wounds heal themselves!
The orc hits you with a +0 falchion.
You die...

#........# # #
#........
#..........
..#..(.....
##....###.##
............
##.### .#
........#.... ..
...##...... .# ##
#####.. # #.#
#...
##(.######..##
#####...
#((oo.o.@....##
#.......
..#####o..##..#
#)......
###..##.#
#.......
##.##.####.^.....
#...............
#...............
###.............
#.รท........(...
#..............


You could see an orc priest and 3 orcs.

Vanquished Creatures
  An orc priest (D:4)
  A gnoll (D:1)
  5 adders
  An adder skeleton (D:2)
  4 worms
  4 dart slugs
  5 leopard geckos
  6 orcs
  10 bats
  6 giant cockroaches
  5 goblins
  7 hobgoblins
  3 kobolds (D:1)
  3 quokkas (D:4)
  2 ball pythons
  12 frilled lizards
  A leopard gecko skeleton (D:4)
  9 rats
85 creatures vanquished.

Notes
Turn   | Place    | Note
-------+----------+-------------------------------------------
     0 | D:1      | Balder the Troll Fighter began the quest for the Orb.
     0 | D:1      | Reached XP level 1. HP: 22/22 MP: 0/0
   177 | D:1      | Reached XP level 2. HP: 27/29 MP: 1/1
   390 | D:1      | Reached XP level 3. HP: 16/36 MP: 2/2
   793 | D:2      | Reached skill level 1 in Unarmed Combat
  1036 | D:2      | Reached XP level 4. HP: 44/44 MP: 3/3
  1537 | D:3      | Found an ornate altar of the Wu Jian Council.
  1592 | D:3      | Found an opulent altar of Gozag.
  1887 | D:3      | Reached XP level 5. HP: 53/53 MP: 4/4
  1934 | D:3      | Found a shadowy altar of Dithmenos.
  2144 | D:3      | Found a snail-covered altar of Cheibriados.
  2265 | D:4      | Found a hide-covered altar of Uskayaw.
  2344 | D:4      | Reached skill level 1 in Throwing
  2612 | D:4      | Slain by an orc

Illustrated notes

Levels and vault maps discovered:
D:1:      dpeg_arrival_oval, layout_rooms, minmay_lizard_pond
D:2:      layout_basic, serial_bayou_pond_a
D:3:      layout_loops_cross, nicolae_gozag_cash_rules_everything_around_me,
          overflow_temple_1_default, lemuel_doored_altar,
          lemuel_coloured_pillars_altar
D:4:      layout_rooms, eat_drink_and_be_merry_uskayaw, first_ration,
          uniq_menkaure

Skill      XL: |  1  2  3  4  5 |
---------------+----------------+-----
Maces & Flails | 2 3 |  3.3
Unarmed Combat | 1 |  1.4
Fighting       | 3 |  3.1
Throwing       | 1 |  1.1
Dodging        | |  2.7
Stealth        | |  0.1
Shields        | |  2.9

Action                   |  1- 3 |  4- 6 || total
-------------------------+-------+-------++-------
Melee: Flail             |   133 |   139 ||   272
Throw: Dart              |       |    32 ||    32
  Use: Potion            |     1 |       ||     1
       Scroll            |     2 |     2 ||     4
  Eat: Chunk             |    16 |    15 ||    31
Armor: Robe              |    63 |    53 ||   116
Dodge: Dodged            |    60 |    58 ||   118
Block: Kite shield       |    65 |    74 ||   139

Table legend:
 A = Non-vault XP
 B = Vault XP
 C = Vault XP percentage of total XP
 D = Non-vault monster count
 E = Vault monster count
 F = Vault count percentage of total count
                 A         B        C        D         E       F
            +---------+---------+-------+---------+---------+-------
      Total |     271 |       7 |   2.5 |      78 |       7 |   8.2
            +---------+---------+-------+---------+---------+-------
        D:1 |      54 |       7 |  11.5 |      22 |       7 |  24.1
        D:2 |      73 |       0 |   0.0 |      23 |       0 |   0.0
        D:3 |      66 |       0 |   0.0 |      22 |       0 |   0.0
        D:4 |      78 |       0 |   0.0 |      11 |       0 |   0.0
            +---------+---------+-------+---------+---------+-------
